 Dungeon Crawl Stone Soup version 0.30.1 (webtiles) character file.

Game seed: 12923699810558858838

233 Heoruswealwe the Conjurer (level 5, 0/28 HPs)
             Began as a Deep Elf Conjurer on July 13, 2023.
             Constricted to death by Terence (7 damage)
             ... on level 3 of the Dungeon.
             The game lasted 00:17:55 (2117 turns).

Heoruswealwe the Conjurer (Deep Elf Conjurer)       Turns: 2117, Time: 00:17:55

Health: 0/28       AC:  2    Str:  3 (4)  XL:     5   Next: 74%
Magic:  6/15       EV:  9    Int: 22 (25) God:
Gold:   62         SH:  0    Dex: 12 (13) Spells: 2/16 levels left

rFire   . . .        (no weapon)
rCold   . . .        (no shield)
rNeg    . . .        (no body armour)
rPois   .            (no helmet)
rElec   .            (no cloak)
rCorr   .            f - +0 pair of gloves
SInv    .            e - +0 pair of boots
Will    .....        (no amulet)
Stlth   ++           (no ring)
HPRegen 0.24/turn    (no ring)
MPRegen 0.14/turn

%: no passive effects
@: grasped by roots, constricted
A: no striking features
a: no special abilities


You were on level 3 of the Dungeon.
You visited 1 branch of the dungeon, and saw 3 of its levels.

You collected 62 gold pieces.

Inventory:

Armour
 e - a +0 pair of boots (worn)
 f - a +0 pair of gloves (worn)
Wands
 g - a wand of polymorph (1)
Scrolls
 p - a scroll of fog
Potions
 b - a potion of magic
 k - a potion of curing


   Skills:
 - Level 2.4 Dodging
 - Level 2.4 Stealth
 + Level 6.1 Spellcasting
 + Level 6.3 Conjurations


You had 2 spell levels left.
You knew the following spells:

 Your Spells              Type           Power      Damage    Failure   Level
a - Magic Dart            Conj           100%       1d8       1%          1
b - Searing Ray           Conj           68%        2d6       1%          2
c - Dazzling Flash        Conj/Hex       40%        N/A       8%          3
d - Fulminant Prism       Conj/Hex       10%        3d8       24%         4
e - Iskenderun's Mystic   Conj/Tloc      20%        2d6       24%         4

Your spell library contained the following spells:

 Spells                   Type           Power      Damage    Failure   Level
 Apportation              Tloc           12%        N/A       9%          1
 Alistair's Intoxication  Tmut/Pois      4%         N/A       94%         5


Dungeon Overview and Level Annotations

Branches:
Dungeon (3/15)

Altars:
Cheibriados

Shops:
D:1 [:[*   D:2 :

Annotations:
D:3 Terence


Message History

A kobold comes into view. It is wielding a +0 short sword.
The grasping roots constrict you.
The adder moves out of view.
The magic dart hits the jackal.
You kill the jackal!
The grasping roots constrict you.
The grasping roots release their grip on you.
The magic dart hits the jackal.
The jackal is almost dead.
The jackal misses you.
The magic dart hits the jackal.
You kill the jackal!
You feel your willpower return.
The magic dart hits the jackal.
The jackal is moderately wounded.
The jackal bites you.
The magic dart hits the jackal but does no damage.
The jackal is moderately wounded.
The jackal bites you but does no damage.
The jackal bites you. Terence barely misses you.
The magic dart hits the jackal.
The jackal is severely wounded.
The jackal barely misses you.
Terence zaps a wand.
The roots erupt in riotous growth!
The grasping roots grab you!
Terence is unaffected.
The jackal is unaffected.
The now-empty wand crumbles to dust.
The grasping roots constrict you.
You hear an angry hiss.
You are too injured to fight recklessly!
Casting: Magic Dart (safe; 1% risk of failure)
Confirm with . or Enter, or press ? or * to list all spells.
Aiming: Magic Dart (safe; 1% risk of failure)
Press: ? - help, Shift-Dir - straight line, f/p - jackal
Aim: a jackal (severely wounded, 100% to hit)
The magic dart hits the jackal.
You kill the jackal!
The kobold hits you with a +0 short sword.
Terence hits you with a +0 hand axe.
* * * LOW HITPOINT WARNING * * *
The grasping roots constrict you!
You die...

#.###.###
.......$.
#........
###........
.....)....
#!........
#..K......
#.@@......
#....†.......
......?........
.##.###..##.###
.. ...# # ##
...# .... .....


You could see Terence and a kobold.

Vanquished Creatures
  Sigmund (D:2)
  Jessica (D:2)
  A dart slug (D:1)
  4 bats
  5 endoplasms (D:1)
  A giant cockroach (D:2)
  A hobgoblin (D:1)
  6 jackals
  2 kobolds
  4 quokkas
  3 ball pythons
  2 frilled lizards (D:1)
  2 goblins
  2 rats (D:1)
35 creatures vanquished.

Notes
Turn   | Place    | Note
-------+----------+-------------------------------------------
     0 | D:1      | Heoruswealwe the Deep Elf Conjurer began the quest for the
                  | Orb.
     0 | D:1      | Reached XP level 1. HP: 10/10 MP: 6/6
    46 | D:1      | Found Uski's Assorted Antiques.
   141 | D:1      | Reached XP level 2. HP: 15/15 MP: 0/8
   432 | D:1      | Learned a level 2 spell: Searing Ray
   567 | D:1      | Found Siumeawn's Book Emporium.
   581 | D:1      | Found Taonn's Antique Armour Boutique.
   844 | D:1      | Found Vicidah's Antique Armour Boutique.
   928 | D:1      | Found a faded altar of an unknown god.
  1099 | D:2      | Noticed Sigmund
  1142 | D:2      | Killed Sigmund
  1143 | D:2      | Reached skill level 5 in Spellcasting
  1143 | D:2      | Reached XP level 3. HP: 19/19 MP: 2/12
  1143 | D:2      | Reached XP level 4. HP: 24/24 MP: 2/13
  1143 | D:2      | Reached XP level 5. HP: 28/28 MP: 2/15
  1328 | D:2      | Found Nego's Book Boutique.
  1563 | D:1      | Learned a level 3 spell: Dazzling Flash
  1568 | D:1      | Learned a level 4 spell: Fulminant Prism
  1573 | D:1      | Learned a level 4 spell: Iskenderun's Mystic Blast
  1575 | D:1      | Learned a level 1 spell: Apportation
  1731 | D:2      | Noticed Jessica
  1734 | D:2      | Killed Jessica
  1742 | D:2      | Found a snail-covered altar of Cheibriados.
  2107 | D:3      | Noticed Terence
  2117 | D:3      | Constricted to death by Terence

Illustrated notes

Levels and vault maps discovered:
D:1:      minmay_arrival_glassed_features, layout_basic,
          ebering_ecumenical_altar_webs, serial_shops, shop,
          nicolae_shop_tiny_glass, nicolae_shop_tiny_glass, shop,
          serial_bayou_ford_a, grunt_decor_cap
D:2:      layout_basic, serial_shops, nicolae_shop_hallway_plus, basic_altar,
          kennysheep_generic_room_6, uniq_jessica, uniq_sigmund
D:3:      layout_loops_ring, nicolae_overflow_ecumenical_swirl, minmay_rat_hole,
          uniq_terence

Skill      XL: |  1  2  3  4  5 |
---------------+----------------+-----
Spellcasting   | 5 6 |  6.1
Conjurations   | 6 |  6.3
Dodging        | |  2.4
Stealth        | |  2.4

Action                     |  1- 3 |  4- 6 || total
---------------------------+-------+-------++-------
  Melee: Unarmed           |    40 |       ||    40
   Cast: Magic Dart        |    51 |    25 ||    76
         Searing Ray       |     2 |     1 ||     3
    Use: Scroll            |       |     4 ||     4
         Potion            |       |     4 ||     4
 Armour: Robe              |     1 |     1 ||     2
         Skin              |     1 |     1 ||     2
  Dodge: Dodged            |     7 |     5 ||    12
